 Dungeon Crawl Stone Soup version 0.31-a0-702-gf82c85558f (webtiles) character file.

Game seed: 5295889086910900883

90 subawu the Trooper (level 4, -3/41 HPs)
             Began as a Draconian Chaos Knight on Sept 8, 2023.
             Was a Plaything of Xom.
             Killed by divine providence
             ... invoked by an orc priest
              (13 damage)
             ... on level 4 of the Dungeon.
             The game lasted 00:08:09 (2687 turns).

subawu the Trooper (Draconian Chaos Knight)         Turns: 2687, Time: 00:08:09

Health: -3/41      AC:  5    Str: 14 (15) XL:     4   Next: 32%
Magic:  4/4        EV: 12    Int:  8 (10) God:    Xom [.*....]
Gold:   107        SH:  0    Dex: 11 (12) Spells: 2/3 levels left

rFire   + . .        a - +0 falchion (chaos)
rCold   . . .        (no shield)
rNeg    . . .        (body armour unavailable)
rPois   .            (helmet restricted)
rElec   .            (no cloak)
rCorr   .            (no gloves)
SInv    .            (no boots)
Will    .....        (no amulet)
Stlth   +            h - ring of protection from fire
HPRegen 0.26/turn    (no ring)
MPRegen 0.09/turn

%: no passive effects
@: slowed, very slow
A: AC +5, unfitting armour, cold-blooded, dopey 1
a: Renounce Religion


You were on level 4 of the Dungeon.
You worshipped Xom.
You were a plaything of Xom.
You visited 1 branch of the dungeon, and saw 4 of its levels.

You collected 107 gold pieces.

Inventory:

Hand Weapons
 a - a +0 falchion of chaos (weapon)
 c - a +0 quarterstaff
 s - a +2 dagger of venom
Jewellery
 h - a ring of protection from fire (left hand)
Talismans
 u - a serpent talisman
Scrolls
 b - a scroll of butterflies
 f - 2 scrolls of identify
 g - a scroll of immolation
 p - 2 scrolls of noise
 r - a scroll of enchant armour
Potions
 i - 2 potions of mutation
 l - a potion of heal wounds


   Skills:
 + Level 4.4 Fighting
 + Level 4.0 Long Blades
 + Level 2.5 Dodging
 + Level 0.6 Stealth


You had 2 spell levels left.
You knew the following spells:

 Your Spells              Type           Power      Damage    Failure   Level
a - Summon Small Mammal   Summ           0%         N/A       41%         1

Your spell library contained the following spells:

 Spells                   Type           Power      Damage    Failure   Level
 Ensorcelled Hibernation  Hex/Ice        0%         N/A       54%         2
 Passwall                 Tmut/Erth      0%         N/A       54%         2
 Call Canine Familiar     Summ           0%         N/A       78%         3
 Summon Guardian Golem    Hex/Summ       0%         N/A       78%         3
 Swiftness                Air            0%         N/A       78%         3


Dungeon Overview and Level Annotations

Branches:
Dungeon (4/15)
 Temple: D:4-7

Altars:
Makhleb

Shops:
D:2 =


Innate Abilities, Weirdness & Mutations

Your plain brown scales are hard. (AC +5)
You cannot fit into any form of body armour.
You are cold-blooded and may be slowed by cold attacks.
You are dopey. (Int -2)


Message History

You closely miss the orc. The orc priest barely misses you.
The orc closely misses you. The orc barely misses you.
You closely miss the orc. The orc priest barely misses you.
The orc hits you but does no damage. The orc closely misses you.
You hit the orc. You freeze the orc.
The orc is heavily wounded.
The orc priest hits you but does no damage.
The orc hits you with a +0 whip. The orc hits you but does no damage.
You barely miss the orc priest. The orc priest barely misses you.
The orc hits you with a +0 whip. The orc hits you but does no damage.
You closely miss the orc priest.
Your tail-slap misses the orc priest.
The orc priest hits you with a +0 club. The orc hits you with a +0 whip.
The orc hits you but does no damage.
You completely miss the orc priest.
The orc priest hits you but does no damage.
The orc hits you but does no damage.
The orc hits you with a +0 hand axe of freezing.
The orc freezes you.
You hit the orc priest.
The orc priest seems to grow stronger.
Xom is mildly amused.
You tail-slap the orc priest.
The orc priest is moderately wounded.
The orc priest barely misses you. The orc closely misses you.
The orc hits you with a +0 hand axe of freezing.
The orc freezes you.
You hit the orc priest but do no damage.
The orc priest is moderately wounded.
The orc priest mumbles some strange prayers to Beogh against you.
Pain shoots through your body! The orc closely misses you.
The orc barely misses you. The orc priest barely misses you.
You slash the orc priest!
The orc priest is severely wounded.
The orc closely misses you.
The orc hits you with a +0 hand axe of freezing.
* * * LOW HITPOINT WARNING * * *
You feel yourself slow down. The orc freezes you.
* * * LOW HITPOINT WARNING * * *
The orc priest invokes the aid of Beogh against you.
Beogh smites you!
You die...

#######
#.....#
.##.....#
........#
#.....#
#.....#
#.#.####
#.o@o..# .
###o##.#
....###.# #
........#
............#
......##..#.#
.....! ..#
...... ..#
..!.. #.#


You could see an orc priest (strong) and 2 orcs.

Vanquished Creatures
  6 adders
  A worm (D:2)
  4 ball pythons
  An endoplasm (D:3)
  2 giant cockroaches (D:2)
  4 hobgoblins
  5 kobolds
  A quokka (D:1)
  2 bats (D:3)
  3 goblins
  5 rats
34 creatures vanquished.

Notes
Turn   | Place    | Note
-------+----------+-------------------------------------------
     0 | D:1      | subawu the Draconian Chaos Knight began the quest for the
                  | Orb.
     0 | D:1      | Reached XP level 1. HP: 19/19 MP: 1/1
   182 | D:1      | XOM: silly message
   311 | D:1      | XOM: divination: magic mapping
   488 | D:1      | XOM: silly message
   489 | D:1      | XOM: silly message
   755 | D:2      | Reached XP level 2. HP: 25/27 MP: 2/2
   799 | D:2      | XOM: butterfly on damage
   944 | D:2      | Found Onnue's Jewellery Emporium.
   956 | D:2      | Found a burning altar of Makhleb.
  1151 | D:2      | Found a faded altar of an unknown god.
  1267 | D:2      | XOM: give mutation
  1267 | D:2      | Gained mutation: You are dopey. (Int -2) [Xom's mischief]
  1274 | D:2      | XOM: silly message
  1285 | D:2      | Reached XP level 3. HP: 33/33 MP: 3/3
  1627 | D:3      | XOM: noise
  2177 | D:3      | Reached XP level 4. HP: 38/41 MP: 4/4
  2316 | D:3      | Learned a level 1 spell: Summon Small Mammal
  2687 | D:4      | Killed from afar by an orc priest

Illustrated notes

Levels and vault maps discovered:
D:1:      dpeg_arrival_shelter, layout_basic
D:2:      layout_basic, hellmonk_ecumenical_altar_crossroads, basic_altar,
          serial_shops, shop
D:3:      layout_basic, minmay_quantized
D:4:      layout_loops_cross, uniq_edmund

Skill      XL: |  1  2  3  4 |
---------------+-------------+-----
Fighting       | 4 |  4.4
Long Blades    | 4 |  4.0
Dodging        | |  2.5
Stealth        | |  0.6

Action                     |  1- 3 |  4- 6 || total
---------------------------+-------+-------++-------
  Melee: Falchion          |   106 |    24 ||   130
         Tailslap          |     9 |     4 ||    13
         Punch             |       |     1 ||     1
    Use: Scroll            |       |     7 ||     7
         Potion            |       |     7 ||     7
   Stab: Sleeping          |     1 |       ||     1
 Armour: Skin              |    64 |    19 ||    83
  Dodge: Dodged            |   103 |    23 ||   126

Table legend: (Time is in decaauts)
 A = Elapsed time spent in this place.
 B = Non-inter-level travel time spent in this place.
 C = Inter-level travel time spent in this place.
 D = Time resting spent in this place.
 E = Time spent auto-exploring this place.
 F = Levels seen in this place.
 G = Mean time per level.
                   A        B        C        D        E       F      G
               +--------+--------+--------+--------+--------+-----+--------+
         Total |   2688 |   2678 |     10 |    177 |   1488 |   4 |  672.0 |
       Dungeon |   2688 |   2678 |     10 |    177 |   1488 |   4 |  672.0 |
               +--------+--------+--------+--------+--------+-----+--------+

Top non-repeatable levels by time:
     D:3: 1074 daAuts
     D:2: 917 daAuts
     D:1: 677 daAuts
     D:4: 18 daAuts
